 Dungeon Crawl Stone Soup version 0.23.1 (webtiles) character file.

Game seed: 0

70 Fang the Skirmisher (level 4, -1/29 HPs)
             Began as a Gargoyle Berserker on Mar 14, 2019.
             Was a Believer of Trog.
             Slain by a gnoll
             ... wielding a +0 whip
              (2 damage)
             ... while paralysed
             ... on level 4 of the Dungeon.
             The game lasted 00:02:45 (1536 turns).

Fang the Skirmisher (Gargoyle Berserker)            Turns: 1536, Time: 00:02:45

Health: -1/29      AC:  5    Str: 22    XL:     4   Next: 21%
Magic:  0/4        EV:  2    Int:  7    God:    Trog [**....]
Gold:   80         SH:  0    Dex:  9    Spells: 3/3 levels left

rFire    . . .     SeeInvis .   a - +0 hand axe
rCold    . . .     Gourm    .   (no shield)
rNeg     + . .     Faith    .   b - +0 animal skin
rPois    ∞         Spirit   +   (no helmet)
rElec    +         Reflect  .   (no cloak)
rCorr    .         Harm     .   (no gloves)
MR       .....                  (no boots)
Stlth    +.........             l - amulet of guardian spirit
HPRegen  0.09/turn              (no ring)
MPRegen  0.09/turn              (no ring)

@: paralysed, berserk cooldown, slowed
A: negative energy resistance 1, electricity resistance, unbreathing,
petrification resistance, rot immunity, AC +3
a: Berserk, Trog's Hand, Renounce Religion


You were on level 4 of the Dungeon.
You worshipped Trog.
Trog was pleased with you.
You were not hungry.

You visited 1 branch of the dungeon, and saw 3 of its levels.

You collected 80 gold pieces.

Inventory:

Hand Weapons
 a - a +0 hand axe (weapon)
Armour
 b - a +0 animal skin (worn)
Jewellery
 l - an amulet of guardian spirit (around neck)
Scrolls
 d - 2 scrolls of identify {unknown}
 g - a scroll of random uselessness {unknown}
 h - a scroll of fog {unknown}
 i - a scroll of immolation {unknown}
 j - a scroll of magic mapping {unknown}
Potions
 e - a potion of curing {unknown}
 f - a potion of haste {unknown}
 k - a potion of brilliance {unknown}
Comestibles
 c - a ration


   Skills:
 + Level 3.9 Fighting
 + Level 3.2 Axes
 + Level 3.1 Armour
 + Level 2.2 Dodging


You had 3 spell levels left.
You didn't know any spells.
Your spell library was empty.

Dungeon Overview and Level Annotations

Branches:
Dungeon (2/15)

Altars:
Sif Muna


Innate Abilities, Weirdness & Mutations

You are resistant to torment.
Your stone body is resilient. (AC +3)
You are immune to poison.
You resist negative energy. (rN+)
You are resistant to electric shocks. (rElec)
You can survive without breathing.
You are immune to petrification.
You are immune to rotting.


Message History

The gnoll barely misses you.
The crimson imp blinks!
The gnoll hits you with a +0 spear!
* * * LOW HITPOINT WARNING * * *
Things that are here:
a +0 club; a gnoll corpse You slash the gnoll!
You kill the gnoll!
Trog accepts your kill.
You closely miss the gnoll.
You are no longer berserk.
You pass out from exhaustion.
You feel yourself slow down. The gnoll hits you with a +0 whip.
* * * LOW HITPOINT WARNING * * *
The crimson imp hits you but does no damage.
The gnoll hits you with a +0 whip.
* * * LOW HITPOINT WARNING * * *
The crimson imp hits you but does no damage.
The gnoll hits you with a +0 whip.
You die...

.. .(..
#########....
##...........(
##............#
###....@.........
...[...g5...[.#
.[....†.......#
..............#
........[...#....
.................
#######.###......
#.# ...... #..
...>..


You could see a gnoll and a crimson imp.

Vanquished Creatures
  3 gnolls (D:4)
  An adder (D:2)
  A leopard gecko (D:1)
  3 giant cockroaches (D:2)
  3 goblins (D:1)
  3 hobgoblins (D:1)
  2 jackals (D:1)
  7 kobolds (D:1)
  5 bats
  3 frilled lizards (D:1)
  A rat (D:2)
32 creatures vanquished.

Notes
Turn   | Place    | Note
-------+----------+-------------------------------------------
     0 | D:1      | Fang the Gargoyle Berserker began the quest for the Orb.
     0 | D:1      | Reached XP level 1. HP: 14/14 MP: 1/1
    90 | D:1      | Reached XP level 2. HP: 19/19 MP: 2/2
  1203 | D:2      | Reached XP level 3. HP: 12/23 MP: 3/3
  1523 | D:2      | Found a deep blue altar of Sif Muna.
  1523 | D:2      | You fall through a shaft for 2 floors!
  1530 | D:4      | Reached ** piety under Trog
  1530 | D:4      | Reached XP level 4. HP: 17/29 MP: 2/4
  1535 | D:4      | HP: 1/29 [gnoll/+0 whip (1)]
  1536 | D:4      | Slain by a gnoll

Skill      XL: |  1  2  3 |
---------------+----------+-----
Axes           | 3 |  3.2
Dodging        | 2 |  2.2
Armour         | 3 |  3.1
Fighting       | |  3.9

Action                   |  1- 3 |  4- 6 || total
-------------------------+-------+-------++-------
Melee: Hand axe          |   131 |     1 ||   132
Invok: Berserk           |     1 |       ||     1
  Eat: Chunk             |     1 |       ||     1
       Ration            |     1 |       ||     1
Armor: Animal skin       |    62 |     2 ||    64
Dodge: Dodged            |    98 |     2 ||   100
